 Dungeon Crawl Stone Soup version 0.24-a0-57-gac335f2 (webtiles) character file.

Game seed: 2933407522676488672

93 trore the Ruffian (level 4, 0/41 HPs)
             Began as a Troll Hunter on Feb 4, 2019.
             Killed from afar by a white imp (8 damage)
             ... with a puff of frost
             ... summoned by Natasha
             ... on level 2 of the Dungeon.
             The game lasted 00:02:51 (1303 turns).

trore the Ruffian (Troll Hunter)                    Turns: 1303, Time: 00:02:52

Health: 0/41       AC:  0    Str: 21    XL:     4   Next: 36%
Magic:  3/3        EV: 19    Int:  7    God:
Gold:   75         SH:  0    Dex: 15    Spells: 3/3 levels left

rFire    . . .     SeeInvis .     - Unarmed
rCold    . . .     Gourm    +   (shield currently unavailable)
rNeg     . . .     Faith    .   (armour currently unavailable)
rPois    .         Spirit   .   (helmet currently unavailable)
rElec    .         Reflect  .   (cloak currently unavailable)
rCorr    .         Harm     .   (gloves unavailable)
MR       .....                  (boots unavailable)
Stlth    ++........             (no amulet)
HPRegen  0.53/turn              (ring currently unavailable)
MPRegen  0.08/turn              (ring currently unavailable)

@: bat-form, flying, very quick
A: tiny, unfitting armour, fast metabolism 3, gourmand, regeneration 1
a: no special abilities


You were on level 2 of the Dungeon.
You were very full.
You were in bat-form.
You visited 1 branch of the dungeon, and saw 2 of its levels.

You collected 75 gold pieces.

Inventory:

Missiles
 c - 5 large rocks (quivered)
Armour
 b - a +0 robe (melded)
Jewellery
 p - a ring of wizardry (melded)
Scrolls
 a - a scroll of fog {unknown}
 e - 2 scrolls of enchant armour {unknown}
 k - 2 scrolls of amnesia {unknown}
 l - a scroll of identify {unknown}
 m - a scroll of magic mapping {unknown}
 o - 2 scrolls of noise {unknown}
 r - a scroll of teleportation {unknown}
 s - a scroll of remove curse {unknown}
Potions
 d - a potion of degeneration {unknown}
 g - a potion of heal wounds {unknown}
 h - a potion of brilliance {unknown}
 i - a potion of magic {unknown}
 j - a potion of lignification {unknown}
 n - a potion of might {unknown}
Comestibles
 f - 9 rations
 q - 8 chunks of flesh


   Skills:
 - Level 1.5 Fighting
 - Level 3.6 Throwing
 - Level 1.5 Dodging
 - Level 0.3 Stealth
 + Level 4.1 Unarmed Combat


You had 3 spell levels left.
You didn't know any spells.
Your spell library was empty.

Dungeon Overview and Level Annotations

Branches:
Dungeon (2/15)

Altars:

Annotations:
D:2 Natasha


Innate Abilities, Weirdness & Mutations

You are too large for most types of armour.
((You have claws for hands.))
Your metabolism is lightning-fast.
You like to eat raw meat.
Your natural rate of healing is unusually fast.
((You are covered in fur. (AC +1)))
((You have extremely tough skin. (AC +3)))


Message History

Natasha is heavily wounded.
The white imp closely misses you.
Natasha zaps a wand.
You hit Natasha but do no damage.
Natasha is heavily wounded.
The white imp hits you. The white imp freezes you.
Natasha completely misses you.
You hit Natasha.
Natasha is severely wounded.
The white imp completely misses you. Natasha claws you!
* * * LOW HITPOINT WARNING * * *
You hit Natasha.
Natasha is almost dead.
The white imp spits at you. The white imp barely misses you.
Natasha zaps a wand.
You resist with some effort.
You barely miss Natasha.
Natasha is almost dead.
The white imp gestures at you. The puff of frost hits you!
You die...

#.##.#.### #.#÷##.#
#......# #.#....#
####.##########.####.#
#.# #.............#
####(###.......#####.#
#......#.......#####.####
#.##...#.......##.......#
#.##...#..h....##.##÷##.#
#.#.......b5...##.##)##.#
#.#.#..#.......##.##.##.#
#.#.#..#.>.....##.##.##.#
#......##########.......#
###.##.#############.####
#.#................#
#......##.##.#######
###..#.##.##.#
#..........# ##


You could see Natasha and a white imp.

Vanquished Creatures
  Natasha (D:2)
  2 adders (D:2)
  An ooze (D:2)
  A worm (D:2)
  2 dart slugs (D:2)
  3 ball pythons
  2 giant cockroaches (D:2)
  4 hobgoblins
  A quokka (D:2)
  9 bats
  A frilled lizard (D:2)
  3 goblins (D:2)
  7 kobolds
  3 rats
40 creatures vanquished.

Notes
Turn   | Place    | Note
-------+----------+-------------------------------------------
     0 | D:1      | trore the Troll Hunter began the quest for the Orb.
     0 | D:1      | Reached XP level 1. HP: 19/19 MP: 0/0
   202 | D:1      | Reached skill level 1 in Unarmed Combat
   328 | D:1      | Reached XP level 2. HP: 22/27 MP: 1/1
   648 | D:1      | Reached skill level 2 in Unarmed Combat
   808 | D:2      | Reached XP level 3. HP: 32/33 MP: 2/2
   833 | D:2      | Reached skill level 3 in Unarmed Combat
  1219 | D:2      | Noticed Natasha
  1224 | D:2      | Killed Natasha
  1224 | D:2      | Reached skill level 4 in Unarmed Combat
  1224 | D:2      | Reached XP level 4. HP: 38/41 MP: 3/3
  1245 | D:2      | Noticed Natasha
  1303 | D:2      | Killed from afar by a white imp

Vault maps used:
D:1:      dpeg_arrival_water_temple_mockup
D:2:      first_ration, uniq_natasha

Skill      XL: |  1  2  3 |
---------------+----------+-----
Unarmed Combat | 1 2 4 |  4.1
Fighting       | |  1.5
Throwing       | |  3.6
Dodging        | |  1.5
Stealth        | |  0.3

Action                   |  1- 3 |  4- 6 || total
-------------------------+-------+-------++-------
Melee: Unarmed           |   119 |    18 ||   137
 Stab: Sleeping          |     1 |       ||     1
  Eat: Chunk             |    17 |       ||    17
Armor: Robe              |    44 |     1 ||    45
Dodge: Dodged            |    74 |    14 ||    88

Table legend:
 A = Non-vault XP
 B = Vault XP
 C = Vault XP percentage of total XP
 D = Non-vault monster count
 E = Vault monster count
 F = Vault count percentage of total count
                 A         B        C        D         E       F
            +---------+---------+-------+---------+---------+-------
      Total |      98 |      35 |  26.3 |      39 |       1 |   2.5
            +---------+---------+-------+---------+---------+-------
        D:1 |      19 |       0 |   0.0 |      13 |       0 |   0.0
        D:2 |      79 |      35 |  30.7 |      26 |       1 |   3.7
            +---------+---------+-------+---------+---------+-------
